 Dungeon Crawl Stone Soup version 0.18.1-5-g4a78601 (webtiles) character file.

1241 LORDOFBUTT the Insei (level 8, -5/60 HPs)
             Began as a Demonspawn Monk on May 10, 2016.
             Was a Believer of Makhleb.
             Slain by an orc warrior
             ... wielding a +0 dire flail of protection
              (17 damage)
             ... on level 6 of the Dungeon.
             The game lasted 00:06:41 (4530 turns).

LORDOFBUTT the Insei (Demonspawn Monk)              Turns: 4530, Time: 00:06:42

Health: -5/60      AC:  8    Str: 14    XL:     8   Next: 25%
Magic:  8/8        EV: 13    Int: 11    God:    Makhleb [**....]
Gold:   353        SH:  0    Dex: 18    Spells: 0 memorised, 7 levels left

rFire  + . .     SeeInvis +       - Unarmed
rCold  . . .     Gourm    .     D - +2 leather armour {rF+}
rNeg   . . .     Faith    .     (no shield)
rPois  .         Spirit   .     (no helmet)
rElec  .         Dismiss  .     q - +0 cloak
rCorr  .         Reflect  .     (no gloves)
SustAt .         Harm     .     (no boots)
MR     .....                    (no amulet)
Stlth  +++.......               u - ring of see invisible
                                g - +2 ring of strength

@: not resistant to hostile enchantments, fairly stealthy
A: hooves 1, rugged brown scales 2, spiny 2
a: Minor Destruction, Renounce Religion


You were on level 6 of the Dungeon.
You worshipped Makhleb.
Makhleb was pleased with you.
You were not hungry.

You visited 2 branches of the dungeon, and saw 7 of its levels.

You collected 353 gold pieces.

Inventory:

Armour
 q - a +0 cloak (worn)
 D - a +2 leather armour of fire resistance (worn)
Jewellery
 g - a +2 ring of strength (left hand)
 h - an uncursed ring of protection from fire
 u - a ring of see invisible (right hand)
 v - an uncursed ring of teleportation
Wands
 C - a wand of flame (33/48)
Scrolls
 a - a scroll of identify
 d - 2 scrolls of random uselessness
 e - a scroll of remove curse
 f - a scroll of blinking {unknown}
 i - 3 scrolls of amnesia {unknown}
 j - a scroll of noise {unknown}
 m - 2 scrolls of enchant weapon
 p - 4 scrolls of magic mapping {unknown}
 r - a scroll of fog {unknown}
 s - a scroll of enchant armour {unknown}
 y - a scroll of recharging {unknown}
 B - a scroll of teleportation {unknown}
Potions
 c - a potion of cancellation {unknown}
 k - a potion of heal wounds {unknown}
 n - a potion of cure mutation
 o - a potion of ambrosia
 w - a potion of curing
 z - a potion of haste {unknown}
 A - a potion of lignification {unknown}
 E - a potion of flight {unknown}
Books
 l - a book of Flames

   Spells                             Type                      Level
   a - Flame Tongue                   Conjuration/Fire             1
   b - Throw Flame                    Conjuration/Fire             2
   c - Conjure Flame                  Conjuration/Fire             3
   d - Inner Flame                    Hexes/Fire                   3
   e - Sticky Flame                   Conjuration/Fire             4
   f - Fireball                       Conjuration/Fire             5
Comestibles
 b - 3 bread rations
 t - 3 meat rations
 x - 6 royal jellies


   Skills:
 - Level 3.2 Fighting
 - Level 0.5 Armour
 - Level 2.8 Dodging
 + Level 6.8 Stealth
 * Level 7.6 Unarmed Combat


You had 7 spell levels left.
You didn't know any spells.

Dungeon Overview and Level Annotations

Branches:
Dungeon (6/15)             Temple (1/1) D:5

Altars:
Ashenzari
Cheibriados
Dithmenos
Elyvilon
Fedhas
Gozag
Kikubaaqudgha
Makhleb
Nemelex Xobeh
Okawaru
Pakellas
Qazlal
Sif Muna
Trog
Vehumet
Xom
Yredelemnul
Zin
The Shining One


Innate Abilities, Weirdness & Mutations

You have large cloven feet.
You are mostly covered in rugged brown scales (AC +2, +5% HP).
You are mostly covered in sharp spines.


Message History

Your kick misses the orc warrior.
The orc warrior is moderately wounded.
The orc warrior misses you.
You hit the orc warrior.
You kick the orc warrior, but do no damage.
The orc warrior is heavily wounded.
The orc hits you with a falchion.
The orc warrior hits you with a dire flail of protection!
* * * LOW HITPOINT WARNING * * *
You are too injured to fight recklessly!
You are too injured to fight recklessly!
Okay, then.
Drink which item? (? for menu, Esc to quit)
Okay, then.
Press: ? - help, Shift-Dir - straight line, f - orc warrior
Aim: an orc warrior, wielding a dire flail of protection and wearing a plate armour (heavily wounded)
The orc warrior easily resists.
You feel slightly more hungry. The orc misses you.
The orc warrior hits you with a dire flail of protection!
You die...

#.........##.#
#.........##.#
#........<...#
#.........#..#
#.........#..#
#.........#..#
#.........#.)#
#.........#..#
######+#.#.@#
#.#oo# #..#
.... ...##
.... .....
......


You could see an orc warrior and an orc.

Vanquished Creatures
  The ghost of Legion the Twirler, an amateur GrGl (D:3)
  A phantom (D:4)
  A black bear (D:4)
  An ogre (D:4)
  2 centaurs (D:5)
  A giant frog (D:6)
  2 howler monkeys (D:4)
  A jelly (D:5)
  An orc priest (D:5)
  Crazy Yiuf (D:5)
  A centaur skeleton (D:5)
  3 orc wizards
  2 iguanas
  2 worker ants (D:4)
  A hound skeleton (D:3)
  10 adders
  2 shadow imps (D:5)
  An ooze (D:1)
  8 worms
  2 dart slugs (D:2)
  5 giant geckos
  20 orcs
  10 bats
  3 giant cockroaches
  9 goblins
  8 hobgoblins
  2 jackals (D:2)
  5 quokkas
  5 ball pythons (D:2)
  5 giant newts
  A jackal skeleton (D:4)
  8 kobolds
  7 rats
  A spectral orc (D:3)
133 creatures vanquished.

Notes
Turn   | Place    | Note
--------------------------------------------------------------
     0 | D:1      | LORDOFBUTT the Demonspawn Monk began the quest for the Orb.
     0 | D:1      | Reached XP level 1. HP: 18/18 MP: 1/1
    33 | D:1      | Found a glowing golden altar of the Shining One.
    75 | D:1      | Gained mutation: You are partially covered in sharp spines. [demonic ancestry]
    75 | D:1      | Reached XP level 2. HP: 19/24 MP: 2/2
   243 | D:1      | Reached skill level 4 in Unarmed Combat
   594 | D:2      | Gained mutation: You are mostly covered in sharp spines. [demonic ancestry]
   594 | D:2      | Reached XP level 3. HP: 27/29 MP: 3/3
   856 | D:2      | Gained mutation: You are partially covered in rugged brown scales (AC +1, +3% HP). [demonic ancestry]
   856 | D:2      | Reached XP level 4. HP: 28/36 MP: 4/4
  1130 | D:2      | Reached XP level 5. HP: 34/42 MP: 5/5
  1689 | D:3      | Reached skill level 5 in Unarmed Combat
  1700 | D:3      | Noticed Legion's ghost (amateur GrGl)
  1977 | D:3      | Killed Legion's ghost
  1977 | D:3      | Gained mutation: You are mostly covered in rugged brown scales (AC +2, +5% HP). [demonic ancestry]
  1977 | D:3      | Reached XP level 6. HP: 42/49 MP: 6/6
  2299 | D:3      | Found a basalt altar of Yredelemnul.
  2355 | D:4      | Reached skill level 5 in Stealth
  2644 | D:4      | Reached XP level 7. HP: 47/54 MP: 7/7
  2833 | D:4      | Reached skill level 6 in Unarmed Combat
  3414 | D:5      | Entered Level 5 of the Dungeon
  3474 | D:5      | Reached skill level 7 in Unarmed Combat
  3475 | D:5      | Gained mutation: You have large cloven feet. [demonic ancestry]
  3475 | D:5      | Reached XP level 8. HP: 14/60 MP: 8/8
  3712 | D:5      | Found a staircase to the Ecumenical Temple.
  3996 | Temple   | Entered the Ecumenical Temple
  4100 | Temple   | Became a worshipper of Makhleb the Destroyer
  4100 | Temple   | Reached * piety under Makhleb
  4100 | Temple   | Reached ** piety under Makhleb
  4347 | D:5      | Noticed Crazy Yiuf
  4353 | D:5      | Killed Crazy Yiuf
  4530 | D:6      | Slain by an orc warrior

Skill      XL: |  1  2  3  4  5  6  7 |
---------------+----------------------+-----
Unarmed Combat | 4 5 7 |  7.6
Stealth        | 2 3 4 5 6 |  6.8
Fighting       | |  3.2
Armour         | |  0.5
Dodging        | |  2.8

Action                   |  1- 3 |  4- 6 |  7- 9 || total
-------------------------+-------+-------+-------++-------
Melee: Unarmed           |    61 |   113 |    95 ||   269
       Punch             |     1 |     1 |     4 ||     6
       Kick              |       |       |    10 ||    10
Invok: Minor Destruction |       |       |     1 ||     1
  Use: Scroll            |       |     7 |     1 ||     8
       Potion            |       |     1 |     1 ||     2
 Stab: Sleeping          |     5 |    13 |     3 ||    21
       Distracted        |     1 |       |     1 ||     2
  Eat: Chunk             |       |     2 |       ||     2
       Meat ration       |       |     1 |       ||     1
       Fruit             |       |       |     3 ||     3
       Beef jerky        |       |       |     1 ||     1
Armor: Robe              |     6 |     5 |       ||    11
       Leather armour    |       |    13 |    13 ||    26
Dodge: Dodged            |    22 |    48 |    41 ||   111
